 Dungeon Crawl Stone Soup version 0.23.2-1-ga50397a (webtiles) character file.

Game seed: 8706379161631794209

217 sankara the Insei (level 5, 33/33 HPs)
             Began as an Octopode Transmuter on May 2, 2019.
             Quit the game on level 3 of the Dungeon.
             The game lasted 00:26:17 (3004 turns).

sankara the Insei (Octopode Transmuter)             Turns: 3004, Time: 00:26:18

Health: 33/33      AC:  1    Str:  9    XL:     5   Next: 94%
Magic:  8/8        EV: 14    Int: 17    God:
Gold:   134        SH:  0    Dex: 12    Spells: 2/8 levels left

rFire    . . .     SeeInvis .     - Unarmed
rCold    . . .     Gourm    .   (no shield)
rNeg     . . .     Faith    .   (helmet restricted)
rPois    .         Spirit   .   (no amulet)
rElec    .         Reflect  .   (no ring)
rCorr    .         Harm     .   (no ring)
MR       .....                  (no ring)
Stlth    +++.......             (no ring)
HPRegen  0.11/turn              (no ring)
MPRegen  0.11/turn              (no ring)
                                (no ring)
                                (no ring)

@: no status effects
A: almost no armour, stealthy swim, amphibious, 8 rings, constrict 8, camouflage
1, gelatinous body 1
a: no special abilities


You were on level 3 of the Dungeon.
You were not hungry.

You visited 1 branch of the dungeon, and saw 3 of its levels.

You collected 134 gold pieces.

Inventory:

Hand Weapons
 i - a +1 dagger of protection
   (You took it off a goblin on level 1 of the Dungeon)
Missiles
 a - 35 arrows
 e - 4 javelins of penetration (quivered)
Scrolls
 b - a scroll of identify {unknown}
 d - a scroll of enchant weapon {unknown}
 g - a scroll of enchant armour {unknown}
 k - 2 scrolls of remove curse {unknown}
 o - a scroll of magic mapping {unknown}
 s - a scroll of fog {unknown}
 t - 3 scrolls of blinking {unknown}
Potions
 f - 2 potions of lignification {unknown}
 h - a potion of flight {unknown}
 j - a potion of magic {unknown}
 l - 5 potions of mutation {unknown}
 m - a potion of degeneration {unknown}
 n - 2 potions of heal wounds {unknown}
 p - a potion of curing {unknown}
 r - a potion of haste {unknown}
Comestibles
 c - 5 rations


   Skills:
 - Level 1.0 Fighting
 + Level 3.2 Dodging
 + Level 3.4 Stealth
 + Level 3.9 Unarmed Combat
 - Level 2.0 Spellcasting
 + Level 3.2 Transmutations
 + Level 2.3 Poison Magic


You had 2 spell levels left.
You knew the following spells:

 Your Spells              Type           Power        Failure   Level  Hunger
a - Beastly Appendage     Tmut           ##....       5%          1    #......
b - Sticks to Snakes      Tmut           ##......     8%          2    ###....
c - Spider Form           Tmut/Pois      ##........   19%         3    ###....

Your spell library contained the following spells:

 Spells                   Type           Power        Failure   Level  Hunger
 Ice Form                 Ice/Tmut       #.......     69%         4    #####..
 Blade Hands              Tmut           ##........   82%         5    ######.


Dungeon Overview and Level Annotations

Branches:
Dungeon (3/15)

Altars:
Elyvilon
Uskayaw
Wu Jian
Xom
Yredelemnul


Innate Abilities, Weirdness & Mutations

You cannot wear most types of armour.
You are very stealthy in the water. (Stealth+)
You are amphibious.
You can wear up to eight rings at the same time.
You can use your tentacles to constrict eight enemies at once.
Your skin changes colour to match your surroundings (Stealth+).
Your rubbery body absorbs attacks. (AC +1, EV +1)


Message History

The kobold is heavily wounded.
Your transformation has ended.
You closely miss the kobold. Your grab misses the kobold.
The kobold is heavily wounded.
The kobold closely misses you.
Casting: Spider Form (safe; 19% risk of failure)
Confirm with . or Enter, or press ? or * to list all spells.
One of your tentacles grows a vicious spike.
The kobold hits you but does no damage.
You closely miss the kobold. Your grab misses the kobold.
The kobold is heavily wounded.
The kobold misses you.
You closely miss the kobold. You grab the kobold.
You pierce the kobold, but do no damage.
The kobold is heavily wounded.
You constrict the kobold.
You kill the kobold!
Items here: )) [ †† a +0 whip; a +0 dagger; a +0 robe; an orc corpse x2
There isn't anything here!
There isn't anything here!
A goblin comes into view. It is wielding a +0 dagger.
Things that are here:
a +0 dagger; a +0 chain mail; an orc corpse You butcher the orc corpse.
Items here: % ) [ ÷ a +0 dagger; a +0 chain mail; a chunk of flesh {@w0}; an orc skeleton You start resting.
Your magical contamination has completely faded away.
You start resting.
Your transformation is almost over.
Items here: )) [ †† a +0 whip; a +0 dagger; a +0 robe; an orc corpse x2
You butcher the orc corpse.
q - 2 chunks of flesh {@w0}
Items here: )) [ ÷ † a +0 whip; a +0 dagger; a +0 robe; an orc skeleton; an orc corpse You butcher the orc corpse.
q - 3 chunks of flesh {@w0} (gained 1)
Items here: )) [ ÷÷ a +0 whip; a +0 dagger; a +0 robe; an orc skeleton x2
You start resting.
Eating one of 3 chunks of flesh {@w0}.
You eat one of the 3 chunks of flesh {@w0}.
This raw flesh tastes terrible.
You are feeling very hungry.
Eating one of 2 chunks of flesh {@w0}.
You eat one of the 2 chunks of flesh {@w0}.
This raw flesh tastes terrible.
Your tentacle spike disappears.
You start resting.
A hobgoblin comes into view.
You see here 18 stones.
You start resting.
The hobgoblin is too close now for your liking.
Casting: Beastly Appendage (safe; 5% risk of failure)
Confirm with . or Enter, or press ? or * to list all spells.
You don't know that spell.
Casting: Beastly Appendage (safe; 5% risk of failure)
Confirm with . or Enter, or press ? or * to list all spells.
You miscast Spider Form.
You are very lightly contaminated with residual magic.
Nothing appears to happen.
The hobgoblin shouts!
You are too injured to fight recklessly!
You are too injured to fight recklessly!
You are too injured to fight recklessly!
You are too injured to fight recklessly!
The hobgoblin hits you.
You see here 18 stones.
You tentacle-slap the hobgoblin. You grab the hobgoblin.
The hobgoblin is moderately wounded.
You constrict the hobgoblin. The hobgoblin closely misses you.
You tentacle-slap the hobgoblin but do no damage.
The hobgoblin is heavily wounded.
You constrict the hobgoblin.
You tentacle-slap the hobgoblin but do no damage.
The hobgoblin is severely wounded.
You constrict the hobgoblin, but do no damage.
The hobgoblin hits you.
You tentacle-slap the hobgoblin but do no damage.
The hobgoblin is severely wounded.
You constrict the hobgoblin.
You kill the hobgoblin!
You see here a hobgoblin corpse.
You see here 18 stones.
You start resting.
Your magical contamination has completely faded away.
You start resting.
Magic restored.
Eating a chunk of flesh {@w0}.
You eat the chunk of flesh {@w0}.
This raw flesh tastes terrible.
HP restored.
Welcome back, sankara the Octopode Transmuter.
Press ? for a list of commands and other information.
You see here 18 stones.
You see here a hobgoblin corpse.
Things that are here:
a +0 dagger; a +0 chain mail An adder comes into view.
Are you sure you want to abandon this character and quit the game? (Confirm with "yes".)

.....#..########..##...##..#
.##.###....###_..###_._###..
... ####..####..#######..#
.. ##.#####.........## #
#.^..(#####.##### #.##
######..###'# #....##
####)†(...# #...##....######
#.@...)[#### #.#.##.....#
#.#.............
.................
..###............ ...
#............ ....
#.......(<.g. #S...
#............ #............


You could see an adder (sleeping).

Vanquished Creatures
  An orc wizard (D:3)
  Natasha (thrice) (D:2)
  A worker ant (D:3)
  An adder (D:2)
  An ooze (D:2)
  3 worms (D:2)
  3 dart slugs (D:1)
  A leopard gecko (D:2)
  3 orcs (D:3)
  6 giant cockroaches
  10 hobgoblins
  7 kobolds
  A quokka (D:3)
  5 bats
  4 frilled lizards
  9 goblins
  8 rats
  A bush (D:2)
  A plant (D:2)
69 creatures vanquished.

Vanquished Creatures (collateral kills)
  A hobgoblin (D:3)
1 creature vanquished.

Vanquished Creatures (others)
  A plant (D:2)
1 creature vanquished.

Grand Total: 71 creatures vanquished

Notes
Turn   | Place    | Note
-------+----------+-------------------------------------------
     0 | D:1      | sankara the Octopode Transmuter began the quest for the
                  | Orb.
     0 | D:1      | Reached XP level 1. HP: 13/13 MP: 3/3
   158 | D:1      | Reached XP level 2. HP: 18/18 MP: 3/5
   162 | D:1      | Learned a level 2 spell: Sticks to Snakes
   186 | D:1      | Reached skill level 1 in Stealth
   474 | D:1      | Reached XP level 3. HP: 13/23 MP: 4/6
   698 | D:1      | Learned a level 3 spell: Spider Form
   807 | D:1      | Reached skill level 2 in Stealth
  1498 | D:2      | Noticed Natasha
  1547 | D:2      | Killed Natasha
  1547 | D:2      | Reached skill level 1 in Poison Magic
  1547 | D:2      | Reached XP level 4. HP: 16/28 MP: 2/7
  1984 | D:2      | Noticed Natasha
  1993 | D:2      | Killed Natasha
  1993 | D:2      | Reached skill level 3 in Dodging
  1993 | D:2      | Reached XP level 5. HP: 33/33 MP: 0/8
  2246 | D:2      | Noticed Natasha
  2254 | D:2      | Killed Natasha
  2254 | D:2      | Reached skill level 3 in Stealth
  2254 | D:2      | Reached skill level 3 in Transmutations
  2512 | D:3      | Reached skill level 2 in Poison Magic
  2700 | D:3      | Found a hide-covered altar of Uskayaw.
  2700 | D:3      | Found a basalt altar of Yredelemnul.
  2705 | D:3      | Found a white marble altar of Elyvilon.
  2707 | D:3      | Found a shimmering altar of Xom.
  2708 | D:3      | Found an ornate altar of the Wu Jian Council.
  3004 | D:3      | Quit the game

Skill      XL: |  1  2  3  4  5 |
---------------+----------------+-----
Stealth        | 1 2 3 |  3.4
Poison Magic   | 1 2 |  2.3
Dodging        | 3 |  3.2
Transmutations | 3 |  3.2
Fighting       | |  1.0
Unarmed Combat | |  3.9
Spellcasting   | |  2.0

Action                   |  1- 3 |  4- 6 || total
-------------------------+-------+-------++-------
Melee: Unarmed           |    89 |   171 ||   260
       Kick              |    14 |    43 ||    57
       Constrict         |    19 |     4 ||    23
       Tentacles         |     7 |    33 ||    40
       Punch             |     2 |     5 ||     7
 Cast: Beastly Appendage |    19 |     9 ||    28
       Spider Form       |     7 |    10 ||    17
       Sticks to Snakes  |     3 |     5 ||     8
 Stab: Sleeping          |     3 |       ||     3
  Eat: Chunk             |     3 |     8 ||    11
Armor: Skin              |     8 |     2 ||    10
Dodge: Dodged            |    50 |    42 ||    92

Levels and vault maps discovered:
D:1:      dpeg_arrival_chambers_temple_mockup, layout_basic, minmay_domino_2
D:2:      layout_basic, serial_forest, infiniplex_forest_lined_corner,
          infiniplex_forest_pool, infiniplex_forest_clump_long,
          infiniplex_forest_straight_2, infiniplex_forest_clump_long,
          infiniplex_forest_straight_2, infiniplex_forest_clump_curved,
          infiniplex_forest_lined_room_2, infiniplex_forest_clump_long,
          uniq_natasha
D:3:      layout_rooms, chequers_temple_overflow_minitemple,
          nicolae_ru_great_annihilating_truth

Table legend:
 A = Turns spent in this place as a percentage of turns spent in the entire game.
 B = Non-inter-level travel turns spent in this place as a percentage of non-inter-level travel turns spent in the entire game.
 C = Inter-level travel turns spent in this place as a percentage of turns spent in this place.
 D = Turns resting spent in this place as a percentage of non-inter-level travel turns spent in this place.
 E = Turns spent auto-exploring this place as a percentage of non-inter-level travel turns spent in this place.
 F = Non-inter-level travel turns spent in this place divided by the number of levels of this place that you've seen.
                   A       B       C       D       E      F
               +-------+-------+-------+-------+-------+----------------------
         Total | 100.0 | 100.0 |   4.9 |  40.0 |  34.9 | 952.0
       Dungeon | 100.0 | 100.0 |   4.9 |  40.0 |  34.9 | 952.0
               +-------+-------+-------+-------+-------+----------------------

Table legend:
 A = Kills in this place as a percentage of kills in entire the game.
 B = Kills by you in this place as a percentage of kills by you in the entire game.
 C = Kills by friends in this place as a percentage of kills by friends in the entire game.
 D = Other kills in this place as a percentage of other kills in the entire game.
 E = Experience gained in this place as a percentage of experience gained in the entire game.
 F = Experience gained in this place divided by the number of levels of this place that you have seen.
                   A       B       C       D       E      F
               +-------+-------+-------+-------+-------+----------------------
         Total | 100.0 | 100.0 | 100.0 |   N/A | 100.0 | 103.7
       Dungeon | 100.0 | 100.0 | 100.0 |   N/A | 100.0 | 103.7
               +-------+-------+-------+-------+-------+----------------------
